 Dungeon Crawl Stone Soup version 0.17.0-15-g6d90897 (webtiles) character file.

237 oplop the Firebug (level 5, 0/38 HPs)
             Began as a Draconian Fire Elementalist on Nov 10, 2015.
             Slain by Ijyb
             ... wielding a +0 dagger of protection
              (2 damage)
             ... on level 3 of the Dungeon.
             The game lasted 00:07:04 (2220 turns).

oplop the Firebug (Draconian Fire Elementalist)     Turns: 2220, Time: 00:07:04

Health: 0/38       AC:  5    Str: 15    XL:     5   Next: 77%
Magic:  10/10      EV: 13    Int: 16    God:
Gold:   31         SH:  0    Dex: 12    Spells: 1 memorised, 9 levels left

rFire  + . .     SeeInvis .     q - +5 falchion (elec)
rCold  x . .     Clarity  .     (armour unavailable)
rNeg   . . .     SustAt   .     (no shield)
rPois  .         Gourm    .     (helmet restricted)
rElec  .         Spirit   .     (no cloak)
rCorr  .         Warding  .     (no gloves)
rMut   .         Stasis   .     (no boots)
MR     .....                    (no amulet)
Stlth  ++........               (no ring)
                                f - ring of fire

@: mighty, not resistant to hostile enchantments, unstealthy
A: unfitting armour, cold-blooded, AC +5
a: no special abilities


You were on level 3 of the Dungeon.
You were not hungry.

You visited 1 branch of the dungeon, and saw 3 of its levels.

You collected 31 gold pieces.

Inventory:

Hand Weapons
 m - a +0 short sword of speed
 q - a +5 falchion of electrocution (weapon)
Jewellery
 f - a ring of fire (left hand)
 t - an uncursed ring of protection from cold {unknown}
 x - an uncursed amulet of faith
Wands
 w - a wand of digging (17)
Scrolls
 c - a scroll of random uselessness
 d - a scroll of blinking
 e - a scroll of recharging
 h - a scroll of identify
 r - 2 scrolls of teleportation
Potions
 g - a potion of lignification {unknown}
 i - a potion of curing {unknown}
 j - 2 potions of might
 k - a potion of degeneration {unknown}
 p - a potion of cure mutation {unknown}
 v - a potion of magic
Books
 a - a book of Flames

   Spells                             Type                      Level
   a - Flame Tongue                   Conjuration/Fire             1
   b - Throw Flame                    Conjuration/Fire             2
   c - Conjure Flame                  Conjuration/Fire             3
   d - Inner Flame                    Hexes/Fire                   3
   e - Sticky Flame                   Conjuration/Fire             4
   f - Fireball                       Conjuration/Fire             5
Comestibles
 b - 3 bread rations
 l - 3 meat rations
 n - 2 chunks of flesh
 o - a slice of pizza
 s - 2 beef jerkies


   Skills:
 + Level 2.9 Dodging
 - Level 1.7 Stealth
 + Level 3.3 Spellcasting
 + Level 3.2 Conjurations
 + Level 4.0 Fire Magic


You had 9 spell levels left.
You knew the following spells:

 Your Spells              Type           Power        Failure   Level  Hunger
a - Flame Tongue          Conj/Fire      ###..        6%          1    None


Dungeon Overview and Level Annotations

Branches:
Dungeon (3/15)

Altars:

Annotations:
D:2 Terence
D:3 Ijyb


Innate Abilities, Weirdness & Mutations

Your plain brown scales are hard (AC +5).
Your body does not fit into most forms of armour.
You are cold-blooded and may be slowed by cold attacks.


Message History

Press: ? - help, Shift-Dir - straight line, f/p - Ijyb
Aim: Ijyb, wielding a dagger of protection, wearing a chain mail and carrying a wand of flame {zapped: 12} (heavily wounded)
You feel a surge of power!
The flame tongue hits Ijyb.
Ijyb appears unharmed.
Ijyb is heavily wounded.
You hit Ijyb.
Ijyb is severely wounded.
Ijyb zaps a wand.
The puff of flame hits you! You resist.
* * * LOW HITPOINT WARNING * * *
Drink which item? (? for menu, Esc to quit)
Okay, then.
Read which item? (? for menu, Esc to quit)
Okay, then.
Drink which item? (? for menu, Esc to quit)
It was a potion of might.
You feel very mighty all of a sudden. Ijyb misses you.
Drink which item? (? for menu, Esc to quit)
It was a potion of magic.
Magic courses through your body.
Ijyb hits you with a dagger of protection.
You die...

## ## ###.####.###
########.†#..#(....
#........###......#
#.#####...#..#
#.##.......#.# ####
#)##@##..###.# #...
#.##g##..###.# #.##
#............#####.#
####.######...(....#
#.# #........# #.##
#........# #..##
#...#†...# #...#
#.......#..
##.#####.......#..


You could see Ijyb.

Vanquished Creatures
  An orc priest (D:3)
  Natasha (thrice) (D:2)
  An orc wizard (D:3)
  Robin (D:2)
  5 adders
  2 oozes
  2 worms (D:2)
  4 giant geckos
  6 orcs (D:3)
  A ball python (D:1)
  2 giant cockroaches
  8 hobgoblins
  4 jackals (D:2)
  8 kobolds
  3 bats
  4 giant newts
  18 goblins
  5 rats
78 creatures vanquished.

Notes
Turn   | Place    | Note
--------------------------------------------------------------
     0 | D:1      | oplop the Draconian Fire Elementalist began the quest for the Orb.
     0 | D:1      | Reached XP level 1. HP: 14/14 MP: 3/3
   353 | D:1      | Reached XP level 2. HP: 12/20 MP: 0/5
   847 | D:2      | Reached XP level 3. HP: 19/26 MP: 3/6
   879 | D:2      | Noticed Robin
   961 | D:2      | Noticed Natasha
   965 | D:2      | Killed Natasha
  1079 | D:2      | Reached XP level 4. HP: 25/33 MP: 7/7
  1306 | D:2      | Noticed Natasha
  1310 | D:2      | Killed Natasha
  1320 | D:2      | Noticed Natasha
  1320 | D:2      | Killed Natasha
  1446 | D:2      | Killed Robin
  1573 | D:2      | Noticed Terence
  1648 | D:2      | Reached XP level 5. HP: 38/38 MP: 9/9
  2043 | D:3      | Reached skill level 4 in Fire Magic
  2171 | D:3      | Noticed Ijyb
  2220 | D:3      | Slain by Ijyb

Action                   |  1- 3 |  4- 6 || total
-------------------------+-------+-------++-------
Melee: Unarmed           |    25 |       ||    25
       Short sword       |    40 |    12 ||    52
       Falchion          |       |    47 ||    47
 Cast: Flame Tongue      |    33 |    46 ||    79
  Use: Scroll            |       |     7 ||     7
       Potion            |       |     2 ||     2
 Stab: Sleeping          |     3 |     3 ||     6
  Eat: Chunk             |     1 |     4 ||     5
